FIQ, lawful female dwarven Valkyrie --------- |.......| ----- |........####### |<..| ----- --.--- --.------ # |.{.| |(..| +....| ## ### |....#####|...-### --------------- |....| # # |...| #-...| # |.............| #|....| ##### ###|...| |...| ##-..............h###Y@###.....| ---.------ ----- #....| |...| |..*..........| #|....| |........| |...| ----- ----- --------------- |....| |........| |...| ------ |........| |...| |.........## |...| |........| # |...| ---------- ####....| ----- FIQ the Skirmisher Experience level: 5 Strength: 18/02 Dexterity: 12 Constitution: 15 Intelligence: 9 Wisdom: 8 Charisma: 8 Health: 0(40) Energy: 10(10) AC: 8 Gold: 392 Moves: 2110 Your Inventory: Coins $ - 392 gold pieces Amulets f - a [cursed] octagonal amulet named cursed? [of change] Weapons a - an uncursed corroded +1 long sword (weapon in hand) b - an uncursed +0 dagger Armor c - an uncursed +3 small shield (being worn) q - a cursed -4 pair of gauntlets of dexterity (being worn) r - an [uncursed] +0 pair of buckled boots [elven] (being worn) Comestibles E - an [uncursed] tripe ration Scrolls k - an [uncursed] scroll labeled PRIRUTSENIE [of food detection] n - an [uncursed] scroll labeled AQUE BRAGH [of remove curse] p - a [blessed] scroll labeled ASHPD [of earth] x - a [cursed] scroll labeled FNORD [of enchant weapon] Spellbooks j - an [uncursed] spellbook of sleep Potions h - a [blessed] amber potion [of extra healing] m - an [uncursed] steamy potion [of see invisible] s - an [uncursed] clear potion [of water] w - an [uncursed] gooey potion [of invisibility] y - an [uncursed] ruby potion [of healing] A - an [uncursed] fizzy potion [of enlightenment] B - an [uncursed] silver potion [of paralysis] Rings C - an [uncursed -1] plain ring [of gain wisdom] Wands o - an [uncursed] wand of slow monster [0:6] v - an [uncursed] wand of striking [0:5] D - an [uncursed] wand called cancellation [of cancellation (0:2)] Tools e - an uncursed oil lamp (0:1093) i - an [uncursed] leash t - an [uncursed] blindfold Gems u - 3 [uncursed] blue gems [worthless glass] Spells known in the end: Name Level Category Fail Memory a - sleep 1 enchantment 68% [||||||||] b - stone to flesh 3 healing 100% [||||||||] Your skills at the end: Fighting Skills Weapon Skills dagger [Basic / Expert] long sword [Basic / Expert] Spellcasting Skills Final Attributes: You were devoutly aligned. Hunger level was 547. Your alignment was 19 / 20. Monster difficulty range was 1 - 6. Level difficulty was 7. You were immune to cold. You had infravision. You were stealthy. You were held by an owlbear. Your luck was zero. You are dead. Vanquished creatures: a werewolf 3 giant ants a kitten an acid blob 4 manes a large kobold a hobgoblin a giant rat a gnome zombie 6 geckos 5 jackals 2 foxes a kobold a goblin 2 sewer rats 6 grid bugs 2 bats 2 newts 41 creatures vanquished. Voluntary challenges: You used a wielded weapon 43 times. You read items or engraved 7 times. You put on armor 4 times. You never genocided any monsters. You never polymorphed an object. You never changed form. You used no wishes. You never wrote Elbereth's name. You never encountered a bones level. You never used any Sokoban shortcuts. Dungeon overview: The Dungeons of Doom: levels 1 to 7 Level 1 a fountain a long staircase Level 2 some fountains Level 3 a fountain a long staircase Level 5 a fountain Level 6 a fountain Level 7 <- You were here a fountain History has recorded: On T:1 you entered the Dungeons of Doom to retrieve the Amulet of Yendor! On T:259 you advanced to experience level 2. On T:290 you reached level 2 of The Dungeons of Doom. On T:343 you advanced to experience level 3. On T:558 you reached level 3 of The Dungeons of Doom. On T:684 you advanced to experience level 4. On T:846 you reached level 4 of The Dungeons of Doom. On T:1092 you reached level 5 of The Dungeons of Doom. On T:1459 you advanced to experience level 5. On T:1554 you reached level 6 of The Dungeons of Doom. On T:1932 you reached level 7 of The Dungeons of Doom. Latest messages: Hit points restored. [HP+1=40] The door opens. The doorway blocks your way. (2x) You see here a tin opener. The door opens. Partly explored, can't reach some places. You find a secret door. [19 turns] The door opens. You see here 6 rocks. You see here a tripe ration. E - a tripe ration. $ - 24 gold pieces. The owlbear hits! (2x) [HP-14=26] You hit the owlbear! The owlbear hits! (2x) The owlbear grabs you! [HP-17=9] You hit the owlbear. The owlbear hits! (2x) You are being crushed. You die... Final status: Farvel FIQ the Valkyrie... You died in The Dungeons of Doom on dungeon level 7 with 1627 points, and 392 pieces of gold, after 2110 moves. You were level 5 with a maximum of 40 hit points when you died.